 Dungeon Crawl Stone Soup version 0.20.1-1-g8b1a95d (webtiles) character file.

30 schauveau the Shooter (level 3, -1/29 HPs)
             Began as a Centaur Hunter on Dec 2, 2017.
             Slain by an orc
             ... wielding a +0 hand axe
              (2 damage)
             ... on level 2 of the Dungeon.
             The game lasted 00:02:34 (1464 turns).

schauveau the Shooter (Centaur Hunter)              Turns: 1464, Time: 00:02:34

Health: -1/29      AC:  5    Str: 14    XL:     3   Next: 5%
Magic:  3/3        EV:  8    Int: 10    God:
Gold:   117        SH:  0    Dex: 10    Spells: 2/2 levels left

rFire    . . .     SeeInvis .   b - +0 spear
rCold    . . .     Gourm    .   (no shield)
rNeg     . . .     Faith    .   r - +0 ring mail
rPois    .         Spirit   .   (no helmet)
rElec    .         Reflect  .   (no cloak)
rCorr    .         Harm     .   (no gloves)
MR       .....                  (no barding)
Stlth    ..........             (no amulet)
Regen    0.1/turn               (no ring)
MPRegen  0.1/turn               (no ring)

@: very quick
A: hooves 3, deformed body, speed 2, tough skin 3
a: no special abilities


You were on level 2 of the Dungeon.
You were not hungry.

You visited 1 branch of the dungeon, and saw 3 of its levels.

You collected 117 gold pieces.

Inventory:

Hand Weapons
 a - a +1 shortbow
 b - a +0 spear (weapon)
 l - a +0 short sword
Missiles
 d - 20 arrows
Armour
 r - a +0 ring mail (worn)
Scrolls
 j - 2 scrolls of identify {unknown}
 m - a scroll of random uselessness {unknown}
 n - a scroll of teleportation {unknown}
 o - a scroll of amnesia {unknown}
Potions
 e - a potion of resistance {unknown}
 g - a potion of heal wounds {unknown}
 h - 2 potions of lignification {unknown}
 i - a potion of berserk rage {unknown}
 p - a potion of curing {unknown}
Comestibles
 f - a bread ration
 k - 2 meat rations
 q - a chunk of flesh


   Skills:
 + Level 2.2 Fighting
 - Level 0.1 Short Blades
 + Level 0.3 Polearms
 * Level 6.1 Bows
 - Level 0.4 Armour
 - Level 1.3 Dodging
 - Level 0.4 Stealth


You had 2 spell levels left.
You didn't know any spells.

Dungeon Overview and Level Annotations

Branches:
Dungeon (3/15)

Altars:

Annotations:
D:3 Lanoc's ghost, weakling DsWn


Innate Abilities, Weirdness & Mutations

You have hooves in place of feet.
Armour fits poorly on your strangely shaped body.
You cover ground very quickly.
You have extremely tough skin. (AC +3)


Message History

The hobgoblin hits you with a club. The orc hits you with a hand axe.
You are too injured to fight recklessly!
You are too injured to fight recklessly!
You are too injured to fight recklessly!
You are too injured to fight recklessly!
You are too injured to fight recklessly!
You are too injured to fight recklessly!
You hit the hobgoblin but do no damage. The hobgoblin hits you with a club.
* * * LOW HITPOINT WARNING * * *
The orc hits you but does no damage.
You hit the hobgoblin. Your kick misses the hobgoblin.
The hobgoblin is almost dead.
The hobgoblin hits you with a club.
* * * LOW HITPOINT WARNING * * *
The orc hits you with a hand axe.
* * * LOW HITPOINT WARNING * * *
You hit the hobgoblin.
You kill the hobgoblin!
The orc hits you with a hand axe.
You die...

#.........############.#
#.####.##.# #####.#
#.####.##.########.....#
#.#.##.##.#..........#.#
#.#.##.##.#.######.#.#.#
#.#.##.##.#.# #.#.#.##
#.#.........# #.#.#...
#.......#o########.#.#...
###.#...@)...............
###)##.............#.....
#..........#########.#... ###
#.#.##..##.# #....#... ..
#.#.#......# #....####
####.##.#...<.#..######....#
.....#.#..................#
.####..#.#....รท.......#######
..................###.#


You could see an orc.

Vanquished Creatures
  A leopard gecko (D:1)
  A giant cockroach (D:2)
  5 goblins
  6 hobgoblins
  2 jackals (D:1)
  2 kobolds
  A ball python (D:1)
  2 bats
  A frilled lizard (D:1)
  7 rats
28 creatures vanquished.

Notes
Turn   | Place    | Note
-------+----------+-------------------------------------------
     0 | D:1      | schauveau the Centaur Hunter began the quest for the Orb.
     0 | D:1      | Reached XP level 1. HP: 17/17 MP: 1/1
   261 | D:1      | Reached XP level 2. HP: 19/24 MP: 2/2
   626 | D:2      | Reached skill level 6 in Bows
  1453 | D:3      | Reached XP level 3. HP: 29/29 MP: 3/3
  1456 | D:3      | Noticed Lanoc's ghost (weakling DsWn)
  1463 | D:2      | HP: 1/29 [orc/hand axe (4)]
  1464 | D:2      | Slain by an orc

Skill      XL: |  1  2 |
---------------+-------+-----
Bows           | 6 |  6.1
Fighting       | |  2.2
Short Blades   | |  0.1
Polearms       | |  0.3
Armour         | |  0.4
Dodging        | |  1.3
Stealth        | |  0.4

Action                   || total
-------------------------++-------
Melee: Short sword       ||    37
       Kick              ||    18
       Spear             ||    67
 Fire: Shortbow          ||     2
  Eat: Chunk             ||     1
Armor: Leather armour    ||    34
       Ring mail         ||     4
Dodge: Dodged            ||    25
